[Event "VII Totalizator Sportowy 2022"]
[Site "Bydgoszcz"]
[Date "2022.07.02"]
[Round "8.8"]
[White "Licznerski, Lukasz"]
[Black "Sernecki, Franciszek"]
[Result "0-1"]
[ECO "C07"]
[WhiteElo "2439"]
[BlackElo "2272"]
[Annotator "TA"]
[PlyCount "98"]
[EventDate "2022.06.25"]
[EventType "swiss"]
[EventCountry "POL"]
[SourceTitle "playchess.com"]
[Source "ChessBase"]
[SourceQuality "1"]
[TimeControl "40/5400+30:1800+30"]

1. e4 {[%emt 0:07:27] Kortschnoj,V} e6 2. d4 d5 3. Nd2 c5 4. Ngf3 cxd4 5. exd5 Qxd5 6. Bc4 Qd6 7. O-O Nf6 8. Nb3 Nc6 9. Nbxd4 Nxd4 10. Nxd4 Be7 11. Be3 {[%emt 0:12:55] C07: French Tarrasch: 3...c5, 4 Ngf3 and 4 exd5 Qxd5.} O-O 12. Qf3 Qc7 13. Bb3 {[%emt 0:01:03] The position is equal.} Bd7 14. h3 {[%emt 0:04:44] [#]} a5 $146 {[%emt 0:03:53] Hoping for ...a4.} ({Predecessor:} 14... Rac8 15. Rad1 b5 16. Rfe1 Rfe8 17. Bf4 Qb6 18. a3 b4 19. axb4 Bxb4 20. c3 Be7 {1-0 (40) Onischuk,A (2610)-Gulko,B (2585) New York 1998 CBM 064 [Kortschnoj,V]}) 15. a4 Rfd8 16. Rfd1 Be8 17. Nb5 Qc6 18. Qg3 Ne4 19. Qc7 Rxd1+ 20. Rxd1 Bc5 21. Qf4 {[%emt 0:29:36] Black must now prevent Nd4.} Bxe3 22. Qxe3 Nc5 23. c4 b6 24. Bc2 Qb7 25. Rd6 Bxb5 26. axb5 Qc7 27. Qd4 Rb8 28. h4 (28. Rc6 $14 {is superior.} Qe7 29. h4) 28... Qe7 (28... Re8 $11) 29. g3 $14 Qf6 30. Qxf6 (30. Rxb6 {with more complications.} Rxb6 31. Qxc5 Rb8 32. b3) 30... gxf6 {[%emt 0:00:06][%mdl 4096] Endgame KRB-KRN} 31. g4 h6 32. Kg2 (32. f4 $14) 32... Kf8 $1 $11 33. Kg3 Ke7 34. Rc6 Nd7 35. Rc7 Kd6 36. Rc6+ Ke7 37. Rc7 Kd6 38. Ra7 Rg8 {[%emt 0:00:53] White should prevent ...f5.} 39. Kf4 {[%emt 0:01:14] Prevents f5.} (39. f3 $11) 39... Ne5 (39... Rc8 $1 $17 40. b3 Rd8) 40. f3 $15 Rb8 (40... Kc5 $1 $15 41. Rc7+ Kb4) 41. b3 $11 Rg8 42. Rb7 Kc5 43. Ke4 (43. Bh7 $11 {keeps the balance.} Rd8 44. Be4) 43... Rd8 $17 44. g5 (44. Rc7+ $17 Kb4 45. c5) 44... hxg5 $19 45. hxg5 {[%emt 0:00:03] [#]} Rd7 $2 ({Not} 45... Rd4+ 46. Ke3 $11) ({Black should play} 45... Nd7 $1 $19 46. gxf6 Nxf6+ 47. Ke3 Nd7) 46. Rb8 $2 {[%emt 0:01:06][%mdl 8192] This move loses the game for White.} (46. Rxd7 $11 {and White is okay.} Nxd7 47. f4) 46... Rd2 {[%emt 0:00:52] aiming for ...Re2+.} ({And not} 46... Rd4+ 47. Ke3 Rh4 48. Rc8+ Kb4 49. gxf6 $15) 47. gxf6 {[%emt 0:09:09] [#]} Nd7 {[%emt 0:00:12] Black is clearly winning.} 48. Rb7 {[%emt 0:00:28][%cal Oe4e3] Strongly threatening Ke3!} Kd6 49. Bb1 Rb2 {[%emt 0:00:19] Weighted Error Value: White=0.45/Black=0.14 (very precise)} 0-1

[Event "VII Totalizator Sportowy 2022"]
[Site "Bydgoszcz"]
[Date "2022.07.02"]
[Round "8.9"]
[White "Kacprzak, Kacper"]
[Black "Sieciechowicz, Marcin"]
[Result "1/2-1/2"]
[ECO "E73"]
[WhiteElo "2238"]
[BlackElo "2388"]
[Annotator "TA"]
[PlyCount "32"]
[EventDate "2022.06.25"]
[EventType "swiss"]
[EventCountry "POL"]
[SourceTitle "playchess.com"]
[Source "ChessBase"]
[SourceQuality "1"]
[TimeControl "40/5400+30:1800+30"]

1. c4 Nf6 2. Nc3 g6 3. e4 d6 4. d4 Bg7 5. Be2 O-O 6. h4 e5 7. d5 {[%emt 0:00:08] E73: King's Indian: Averbakh Variation without 6...c5.} h5 8. Bg5 Qe8 (8... c6 $14) 9. Qd2 {[%emt 0:02:10] [#] White is better.} Nh7 $146 ({Predecessor:} 9... Kh7 10. f3 Na6 11. Nh3 Nc5 12. O-O-O a6 13. Bxf6 Bxf6 14. Ng5+ Kh8 15. g4 Bg7 16. gxh5 gxh5 {½-½ (28) Seiffert,R-Pakulla,R Jena 1953}) 10. Be3 {[%emt 0:12:56] White is more active.} Na6 11. Nh3 Bd7 12. O-O-O Nc5 13. f3 f5 14. exf5 gxf5 15. Rdg1 {g4 is the strong threat.} Na4 {[#]} 16. Rd1 (16. Nxa4 $142 $1 {aiming for Nc3.} Bxa4 17. g3) 16... Nc5 {Weighted Error Value: White=0.19 (very precise) /Black=0.17 (very precise)} 1/2-1/2

[Event "VII Totalizator Sportowy 2022"]
[Site "Bydgoszcz"]
[Date "2022.07.02"]
[Round "8.10"]
[White "Ulasevich, Sergei"]
[Black "Chojnacki, Krzysztof"]
[Result "1/2-1/2"]
[ECO "C84"]
[WhiteElo "2217"]
[BlackElo "2371"]
[Annotator "TA"]
[PlyCount "108"]
[EventDate "2022.06.25"]
[EventType "swiss"]
[EventCountry "POL"]
[SourceTitle "playchess.com"]
[Source "ChessBase"]
[SourceQuality "1"]
[TimeControl "40/5400+30:1800+30"]

1. e4 e5 2. Nf3 Nc6 3. Bb5 a6 4. Ba4 Nf6 5. O-O Be7 6. d3 b5 7. Bb3 d6 8. c3 O-O 9. a4 {[%emt 0:00:16] C84: Closed Ruy Lopez: Unusual White 6th moves.} Bd7 10. Bc2 Re8 11. Re1 h6 12. h3 Bf8 13. Nbd2 Ne7 {[%emt 0:03:06] 13...Ne7 has become a bit dusty these days.} 14. d4 Ng6 15. Nf1 c5 16. d5 Nh5 17. Kh2 {[%emt 0:01:56] [#]} Nhf4 $146 ({Predecessor:} 17... Rb8 18. Ng3 Nf6 19. Be3 Qc7 20. Qd2 Rec8 21. Rec1 b4 22. c4 a5 23. b3 Be7 {1-0 (32) Krause,P (2410)-Ter Steeg,R (800) LSS email 2014}) 18. Ng1 Ne7 (18... Qg5 19. g3 $16) 19. g3 Nfg6 20. Ne3 Kh8 21. Qf3 Kg8 22. Bd2 Qc7 23. Ra2 Rab8 24. axb5 (24. h4 $16) 24... axb5 $14 25. Rea1 c4 26. h4 Nc8 27. h5 Nge7 28. Bd1 {[%emt 0:11:56] White is more active.} Nb6 29. Qg2 Ra8 30. Nf3 Rxa2 31. Rxa2 Qb7 32. Ra1 (32. g4 $1 $14 {is more appropriate.}) 32... Ra8 $11 33. Rb1 Na4 34. Nh4 Nc5 35. f4 Nd3 36. Be2 (36. fxe5 $11 Nxe5 37. Be2) 36... exf4 $15 37. Nc2 {[%emt 0:00:08] [#]} f5 $1 38. Bxd3 {[%emt 0:06:12] Hoping for Be2.} cxd3 39. Nb4 Re8 {[%emt 0:04:40] White must now prevent ...fxe4.} 40. Re1 fxe4 (40... fxg3+ $17 41. Kxg3 fxe4 42. Rxe4 Qa8) 41. Rxe4 $11 fxg3+ 42. Qxg3 $2 {[%emt 0:19:45] [#]} ({White has to play} 42. Kxg3 $15 Qa8 43. Rf4) 42... Qc8 $2 (42... Nxd5 $19 43. Rxe8 Bxe8) 43. Qxd3 Bg4 {[%emt 0:09:29] Prevents Qe2.} 44. Bxh6 Bxh5 ({Don't do} 44... gxh6 45. Qg3 Bg7 46. Qxg4 (46. Rxg4 Nf5 $16) 46... Qxg4 47. Rxg4 $16) 45. Bg5 Ng6 46. Rxe8 Qxe8 47. Nc6 Ne5 48. Qxb5 Ng4+ 49. Kg1 $1 Qe1+ ({Better is} 49... Qe4 $15 50. Qf1 Qxd5) 50. Qf1 {[%emt 0:00:02] The position is equal.} Qg3+ 51. Qg2 {[%emt 0:00:02] Really sharp!} Qd3 {[%emt 0:02:44] Threatening ...Qb1+.} 52. Qd2 Qg3+ 53. Qg2 Qe1+ 54. Qf1 Qg3+ {[%emt 0:00:41] Weighted Error Value: White=0.14 (very precise) /Black=0.16 (very precise)} 1/2-1/2

[Event "VII Totalizator Sportowy 2022"]
[Site "Bydgoszcz"]
[Date "2022.07.02"]
[Round "8.11"]
[White "Zebracki, Tomasz"]
[Black "Malek, Jan"]
[Result "1/2-1/2"]
[ECO "A45"]
[WhiteElo "2200"]
[BlackElo "2316"]
[Annotator "TA"]
[PlyCount "80"]
[EventDate "2022.06.25"]
[EventType "swiss"]
[EventCountry "POL"]
[SourceTitle "playchess.com"]
[Source "ChessBase"]
[SourceQuality "1"]
[TimeControl "40/5400+30:1800+30"]

1. d4 Nf6 2. Bf4 d5 3. e3 c5 4. Nf3 Nc6 5. Nbd2 Qb6 6. dxc5 {[%emt 0:00:30] D02: 1 d4 d5 2 Nf3 sidelines, including 2...Nf6 3 g3 and 2...Nf6 3 Bf4.} Qxb2 7. Rb1 Qc3 8. Bb5 g6 $1 {[%emt 0:00:08][%mdl 4] is now more promising than 8...e6.} (8... e6 $5 ) 9. O-O {[%emt 0:08:00] [#] aiming for Be5.} Bg7 $1 10. Nb3 {[%emt 0:05:55][%cal Oe3e4] Black must now prevent e4!} O-O 11. Bxc6 bxc6 12. Be5 Qc4 {[%emt 0:00:54] [#]} 13. Qd3 $146 ({Predecessor:} 13. Qd4 Qa6 14. Rfe1 Re8 15. h3 Bd7 16. Qb2 Rad8 17. Nbd4 Bf8 18. Qb7 Qxb7 19. Rxb7 {1-0 (63) Nakamura,H (2750)-Grischuk,A (2742) Chess.com INT 2022}) 13... Ba6 14. Rfd1 Qa4 {[%emt 0:07:33][%csl LRa2,LRd3] Inhibits Na5.} 15. Qd4 Bc4 (15... Qxa2 $2 16. Rb2 (16. Ra1 Qxc2 17. Rxa6 Qxb3 $15) 16... Qa3 17. Ra1 Qxa1+ 18. Nxa1 $18) 16. Nfd2 Bb5 17. Rdc1 Qa6 (17... Qxa2 $2 18. Ra1 Qxa1 19. Qxa1 $18) 18. Qa1 Rfc8 19. Nd4 (19. Nf3 $11) 19... Bf8 (19... Ne4 $15 20. c4 {[#]} dxc4 $1 21. Nxe4 Bxe5) 20. Bxf6 $11 exf6 21. Qc3 Rab8 22. Rb3 Bc4 (22... Qxa2 $2 23. Ra3 Qxa3 24. Qxa3 $18) 23. Ra3 Qb7 24. Nxc4 dxc4 25. Ra5 ({Don't blunder} 25. Qxc4 $2 Qb2 26. Rd1 Qxa3 $19) 25... Qb1 $2 26. Rf1 $2 (26. Nb3 $1 $18 Rxb3 27. cxb3) 26... Qb2 27. Qxc4 Rc7 28. g3 f5 29. Rd1 Rd7 30. Qa4 {[%emt 0:01:25] Prevents Rb5.} Qb7 31. Rd3 Rc8 (31... Qb1+ $2 32. Kg2 $18) 32. Ra3 Rcc7 33. Qc4 Qc8 34. Ra6 {[%emt 0:01:09] White is more active.} Qe8 35. Rb3 (35. Nf3 $16) 35... Rd5 36. Ra5 Qe4 37. Rb8 Rcd7 {[%emt 0:03:22][%cal Rd5d4] Strongly threatening ...Rxd4.} 38. c3 f4 {[%emt 0:01:16] The position is equal.} 39. gxf4 Rg5+ $1 40. fxg5 Qg4+ {[%emt 0:00:00] Blacks defense is rewarded with a draw.  Weighted Error Value: White=0.27 (precise) /Black=0.29 (precise)} 1/2-1/2

[Event "VII Totalizator Sportowy 2022"]
[Site "Bydgoszcz"]
[Date "2022.07.02"]
[Round "8.12"]
[White "Paprocki, Antoni"]
[Black "Navaratnam, Rohan Shan Tze"]
[Result "1/2-1/2"]
[ECO "D30"]
[WhiteElo "1851"]
[BlackElo "2071"]
[Annotator "NA RC"]
[PlyCount "69"]
[EventDate "2022.06.25"]
[EventType "swiss"]
[EventCountry "POL"]
[SourceTitle "playchess.com"]
[Source "ChessBase"]
[SourceQuality "1"]
[TimeControl "40/5400+30:1800+30"]

1. d4 d5 2. c4 e6 3. Nf3 c5 4. cxd5 exd5 5. g3 Nc6 6. Bg2 Nf6 7. O-O Be7 8. dxc5 Bxc5 9. Nc3 O-O 10. a3 Re8 11. b4 Bf8 12. Bg5 Be6 13. Ra2 Rc8 14. Bxf6 gxf6 15. Nb5 a5 16. bxa5 Qxa5 17. Nbd4 Ne5 18. Nxe5 fxe5 19. Nxe6 fxe6 20. e4 d4 21. f4 exf4 22. gxf4 Qc3 23. Qg4+ Kh8 24. f5 exf5 25. exf5 d3 26. f6 Re1 27. f7 Bc5+ 28. Kh1 Rf8 29. Qf4 Be3 30. Qd6 Rxf1+ 31. Bxf1 Qg7 32. Rg2 Qxf7 33. Qe5+ Qf6 34. Qxf6+ Rxf6 35. Bxd3 1/2-1/2

[Event "VII Totalizator Sportowy 2022"]
[Site "Bydgoszcz"]
[Date "2022.07.02"]
[Round "8.13"]
[White "Hnydiuk, Aleksander"]
[Black "Paprocki, Jaroslaw"]
[Result "1-0"]
[ECO "C44"]
[WhiteElo "2394"]
[BlackElo "2165"]
[Annotator "TA"]
[PlyCount "59"]
[EventDate "2022.06.25"]
[EventType "swiss"]
[EventCountry "POL"]
[SourceTitle "playchess.com"]
[Source "ChessBase"]
[SourceQuality "1"]
[TimeControl "40/5400+30:1800+30"]

1. e4 e5 2. Nf3 Nc6 3. d4 exd4 4. Nxd4 Nf6 5. Nxc6 bxc6 6. Qe2 {[%emt 0:00:06] C45: Scotch Game.} Bc5 {[%emt 0:00:05] And now ...0-0 would win.} 7. e5 Nd5 8. c4 {[%emt 0:00:17] The position is equal.} (8. Qg4 {is interesting.} Kf8 9. c4 d6 10. Qe4) 8... Ne7 {[%emt 0:00:05] was the old line (8...Nb6).} 9. Be3 Bxe3 10. Qxe3 d6 11. Nc3 Nf5 12. Qe4 O-O {[%emt 0:00:12] [#]} 13. O-O-O $146 ({Predecessor:} 13. Bd3 Re8 14. f4 Rb8 15. O-O-O Qh4 16. g3 Qh6 17. Kb1 dxe5 18. fxe5 Ne3 19. Rde1 Ng4 {½-½ (19) Henke,S (1644)-Perez,F (1734) LSS email 2019}) 13... Rb8 14. exd6 cxd6 15. Bd3 Qf6 ({Black should try} 15... c5 $11) 16. Rhe1 ({Better is} 16. Qf4 $14) 16... Bd7 (16... Qh6+ $1 $11 {remains equal.} 17. Kb1 Bd7) 17. Qf4 $16 {[%emt 0:06:27] Black must now prevent Bxf5.} Rxb2 $2 {[%emt 0:06:28][%mdl 8192] [#] This costs Black the game.} 18. Kxb2 $18 Rb8+ 19. Kc2 g5 20. Qd2 Nd4+ 21. Kc1 Rb3 22. Bxh7+ Kxh7 23. Qxd4 (23. Ne4 $2 {[#] is a self mate.} Ne2+ $1 24. Qxe2 Qa1+ 25. Kd2 Qb2#) 23... Rxc3+ 24. Kb2 Rc2+ 25. Kxc2 Bf5+ 26. Kb2 Qd8 27. Ka1 Qa5 28. Re8 {[%emt 0:00:51] White mates.} f6 29. Qxf6 Qc3+ 30. Qxc3 {[%emt 0:00:06] Weighted Error Value: White=0.14 (very precise) /Black=0.97} 1-0

[Event "VII Totalizator Sportowy 2022"]
[Site "Bydgoszcz"]
[Date "2022.07.02"]
[Round "8.14"]
[White "Rudzinska, Michalina"]
[Black "Lambrecht, Tomasz"]
[Result "1-0"]
[ECO "C77"]
[WhiteElo "2236"]
[BlackElo "1956"]
[Annotator "TA"]
[PlyCount "63"]
[EventDate "2022.06.25"]
[EventType "swiss"]
[EventCountry "POL"]
[SourceTitle "playchess.com"]
[Source "ChessBase"]
[SourceQuality "1"]
[TimeControl "40/5400+30:1800+30"]

1. e4 e5 2. Nf3 Nc6 3. Bb5 a6 4. Ba4 Nf6 5. d3 b5 6. Bb3 Bc5 7. O-O d6 8. c3 h6 9. Be3 {[%emt 0:01:51] Recently 9.Nbd2 got a lot of attention. C78: Ruy Lopez: Archangelsk and Möller Defences.} O-O 10. Nbd2 Re8 11. h3 {[%emt 0:06:00] The position is equal.} Bb7 {[%emt 0:06:26] [#]} 12. Nh4 $146 ({Predecessor:} 12. a4 Qb8 13. axb5 axb5 14. Qe2 Rxa1 15. Rxa1 Bxe3 16. Qxe3 b4 17. Nh4 bxc3 18. bxc3 {0-1 (32) Vallejo Diaz,J (2365)-Ibrahimli,M (2436) Chess.com INT 2021}) 12... Na5 13. Nf5 Nxb3 14. axb3 Bxe3 15. fxe3 d5 16. exd5 Qxd5 17. Qe2 Rad8 (17... Qd8 $14) 18. Nxh6+ $1 $16 Kh7 $2 {[%emt 0:13:53] [#] Loses the game.} (18... gxh6 $16 19. Rxf6 Qxd3 20. Qg4+ Kf8) 19. Rxf6 $1 $18 gxf6 20. Nf5 {[%emt 0:00:47] Pair of Knights!} Qxg2+ 21. Qxg2 {[%emt 0:00:07] The board is on fire.} Bxg2 22. Kxg2 Rxd3 23. Ne4 Re6 24. Kf3 Kg6 25. Kg4 Rb6 (25... b4 $142 26. Nc5 (26. cxb4 Rxb3 27. h4 Rxb4 $18) 26... Rd8 27. Nh4+ Kg7 28. Nxe6+ fxe6 29. Rxa6 Kf7) 26. b4 Rd8 27. Rg1 Kh7 {[%emt 0:01:03] White must now prevent ...Rg8+.} 28. Kh5 {[%emt 0:02:25] Rg7+ would kill now.} Rg8 {[%emt 0:01:06] Against Rg7+} 29. Rd1 Rg2 30. Rd7 Kh8 31. Rxf7 Rxb2 32. Nxf6 {[%emt 0:01:13] Weighted Error Value: White=0.03 (flawless) /Black=0.73} (32. Ne7 $142 Rd2 33. Nxd2 Re6 34. Ne4 f5 35. Nxf5 Kg8 36. Ng5 e4 37. Rg7+ Kf8 38. Nxe6+ Ke8 39. Re7#) 1-0

[Event "VII Totalizator Sportowy 2022"]
[Site "Bydgoszcz"]
[Date "2022.07.02"]
[Round "8.15"]
[White "Kacprzak, Karol"]
[Black "Laux, Dominik"]
[Result "1/2-1/2"]
[ECO "D47"]
[WhiteElo "2200"]
[BlackElo "2263"]
[Annotator "TA"]
[PlyCount "78"]
[EventDate "2022.06.25"]
[EventType "swiss"]
[EventCountry "POL"]
[SourceTitle "playchess.com"]
[Source "ChessBase"]
[SourceQuality "1"]
[TimeControl "40/5400+30:1800+30"]

1. d4 d5 2. c4 c6 3. Nc3 Nf6 4. Nf3 e6 5. e3 Nbd7 6. Bd3 dxc4 7. Bxc4 b5 8. Bd3 Bd6 9. e4 e5 10. dxe5 Nxe5 11. Nxe5 Bxe5 12. h3 O-O 13. O-O Be6 {[%emt 0:00:27] D46: Semi-Slav: 5 e3 Nbd7 6 Bd3, Black avoids the Meran.} 14. Be3 {[%emt 0:06:54] [#]} Qe7 $146 ({Predecessor:} 14... Qa5 15. f4 Bxc3 16. bxc3 Qxc3 17. Rc1 Qa5 18. e5 Nd5 19. Bc5 Rfe8 20. f5 Bd7 21. Bd6 Ne3 22. Qh5 Qd2 23. Be4 Nxf1 24. Rxf1 Qd4+ 25. Kh1 Qxe4 26. f6 Bf5 27. Rxf5 Re6 28. Qg5 {1-0 (28) Jian,A (2091)-Nguyen,Q (2242) Chess.com INT 2021}) 15. Qc2 Rfd8 {[%emt 0:03:30][%cal Od8d3] White is slightly better.} 16. Rfd1 Qb4 17. Rac1 Bc4 18. Bxc4 Qxc4 19. Rxd8+ Rxd8 20. b3 $1 Qb4 21. f3 Bd4 22. Bxd4 Qxd4+ 23. Qf2 Qxf2+ (23... g6 $14) 24. Kxf2 $14 {[%emt 0:00:05][%mdl 4096] Endgame KRN-KRN} Kf8 25. Ke3 Ke7 26. Ne2 {[%emt 0:00:37] Strongly threatening Nd4.} Kd7 27. Nd4 Rc8 28. g4 Ne8 29. e5 a6 30. Rd1 Kc7 (30... Ke7 $1 $14) 31. f4 c5 32. Nf3 h6 {[%emt 0:00:44] Inhibits Ng5.} 33. Nd2 {[%emt 0:02:29] White is more active.} (33. Nh4 $16) 33... Rd8 $11 34. Rc1 Kb6 35. Ne4 Rd5 36. Nc3 Rd4 {[%emt 0:00:06] [#]} (36... Rd7 $14) 37. Ne4 (37. b4 $1 $16 {[%cal Rb4c5] Hoping for bxc5+.} Kc6 38. Ne4 Rxb4 39. Nxc5 (39. Rxc5+ Kb6 $14)) 37... Rd5 38. Nc3 (38. g5 $11) 38... Rd4 $16 39. Ne4 Rd5 {[%emt 0:00:08] Weighted Error Value: White=0.22 (precise) /Black=0.15 (very precise)} 1/2-1/2

[Event "VII Totalizator Sportowy 2022"]
[Site "Bydgoszcz"]
[Date "2022.07.02"]
[Round "8.16"]
[White "Rog, Bartlomiej"]
[Black "Kowalski, Igor"]
[Result "0-1"]
[ECO "B13"]
[WhiteElo "2055"]
[BlackElo "2370"]
[Annotator "TA"]
[PlyCount "112"]
[EventDate "2022.06.25"]
[EventType "swiss"]
[EventCountry "POL"]
[SourceTitle "playchess.com"]
[Source "ChessBase"]
[SourceQuality "1"]
[TimeControl "40/5400+30:1800+30"]

1. e4 c6 2. d4 d5 3. exd5 cxd5 4. c4 Nf6 5. Nf3 Nc6 6. Nc3 Bg4 7. Be3 e6 8. c5 Nd7 {[%emt 0:07:13] B13: Caro-Kann: Exchange Variation and Panov-Botvinnik Attack.} (8... Be7 $11) 9. Bb5 Be7 10. O-O O-O {[%emt 0:00:08] The position is equal.} 11. h3 Bh5 {[%emt 0:00:15] [#]} 12. g4 $146 ({Predecessor:} 12. Qe2 f5 13. Bxc6 bxc6 14. Bf4 e5 15. Bxe5 Nxe5 16. Qxe5 Bxf3 17. gxf3 {½-½ (17) Vieth,M (1951)-Wilmes,F (2012) GER email 2012}) 12... Bg6 13. Bf4 f5 {[%emt 0:08:17] Hoping for ...fxg4.} 14. Bxc6 (14. Qe2 {is interesting.} fxg4 15. Qxe6+ Kh8 16. Qxg4 Nf6 17. Qg2) 14... bxc6 15. Ne5 Nxe5 16. Bxe5 fxg4 17. hxg4 Bf6 18. Bd6 Re8 19. f4 {[%emt 0:02:02] Inhibits e5.} Qa5 20. a3 {[%emt 0:00:26] Against Qb4} Qa6 21. Be5 (21. Rf3 $11 {remains equal.}) 21... Bxe5 $1 $17 22. fxe5 Qc4 ({Better is} 22... Rf8 23. Qd2 Bd3 24. Rxf8+ Rxf8) 23. Qd2 Rf8 24. Rad1 Rab8 25. Rxf8+ Rxf8 26. Qe3 {[%emt 0:01:10] Inhibits Rf3.} (26. Rc1 $17) 26... h5 $1 $19 27. Qe2 Qxe2 28. Nxe2 hxg4 {[%emt 0:00:11][%mdl 4096] Endgame KRB-KRN} 29. Rf1 (29. b4 {was necessary.}) 29... Rb8 $1 30. b4 Bd3 31. Rf2 (31. Re1 $19) 31... Bxe2 (31... Bf5 $17) 32. Rxe2 $17 {[%emt 0:00:16] KR-KR} Kh7 33. Kg2 (33. Rg2 $11) 33... Kg6 34. Kg3 Kg5 {[%emt 0:00:27] And now ...a6 would win.} 35. Rf2 a5 $1 36. Rf4 (36. Rf7 $17 {was called for.}) 36... axb4 $2 (36... Kh5 $1 $19 37. Rf7 axb4 38. axb4 Rxb4) 37. axb4 $2 {[%emt 0:00:09] [#]} (37. Rxg4+ $11 Kh5 38. Rh4+ Kg6 39. axb4) 37... Rxb4 $2 ({Black should try} 37... Kh5 $1 $19 38. Rf7 Rxb4) 38. Rxg4+ $11 Kh6 {[%emt 0:01:30] Threatens to win with ...g5.} 39. Rh4+ $1 Kg6 40. Rf4 $2 {[%emt 0:00:00][%mdl 8192] [#] Black continues to play with concentration.} (40. Rg4+ $11 Kf7 41. Rf4+ Kg6 42. Kf3) 40... Rb3+ $1 $19 41. Kf2 Rd3 42. Ke2 Kg5 43. Rf7 Rxd4 44. Rxg7+ Kf5 45. Rc7 Kxe5 46. Rxc6 Rc4 47. Kd3 Rh4 {[%emt 0:00:07] ( -> ...Rh3+)} 48. Ra6 Rh3+ {[%emt 0:00:43] Black mates.} 49. Kd2 d4 50. c6 Rc3 51. Ke2 Kd5 52. Ra8 Rxc6 53. Kf3 Rc3+ 54. Kf4 e5+ 55. Kg4 Ke4 56. Ra1 d3 {[%emt 0:00:55] Weighted Error Value: White=0.75/Black=0.13 (very precise)} 0-1

[Event "VII Totalizator Sportowy 2022"]
[Site "Bydgoszcz"]
[Date "2022.07.02"]
[Round "8.17"]
[White "Skurniak, Szymon"]
[Black "Fiedorek, Michal"]
[Result "0-1"]
[ECO "A22"]
[WhiteElo "1960"]
[BlackElo "2315"]
[Annotator "TA"]
[PlyCount "82"]
[EventDate "2022.06.25"]
[EventType "swiss"]
[EventCountry "POL"]
[SourceTitle "playchess.com"]
[Source "ChessBase"]
[SourceQuality "1"]
[TimeControl "40/5400+30:1800+30"]

1. c4 e5 2. Nc3 Nf6 3. g3 d5 4. cxd5 Nxd5 5. Bg2 Nb6 6. Nf3 Nc6 7. O-O Be7 8. Rb1 a5 9. d3 O-O {[%emt 0:00:20] A29: English Opening: Four Knights Variation with 4 g3.} 10. Be3 Be6 11. Nd2 {[%emt 0:19:22] [#]} Qd7 $146 {[%emt 0:14:40] The position is equal.} ({Predecessor:} 11... Nd5 12. Nxd5 Bxd5 13. Bxd5 Qxd5 14. Qb3 Qxb3 15. Nxb3 Rfd8 16. Rfc1 f6 17. Nc5 Bxc5 18. Rxc5 {1-0 (67) Sadhwani,R (2545)-Nepomniachtchi,I (2784) Chess.com INT 2020}) 12. Na4 (12. Bxb6 $14 cxb6 13. Nc4) 12... Nd4 ({But not} 12... Bxa2 13. Bxb6 Bxb1 14. Qxb1 $11) 13. Nxb6 cxb6 14. Nc4 Qc7 15. Bxd4 exd4 16. a4 Bc5 17. Rc1 Rfe8 18. Qd2 Qe7 19. Rc2 h5 20. Qf4 g6 21. Qe4 Rab8 (21... Qd7 $5 22. Qxb7 Qxa4 $11) 22. Rfc1 Qd7 {[%emt 0:02:06] White must now prevent ...Bxc4.} 23. Qf4 Qxa4 24. Nd6 Bxd6 25. Qxd6 Qb4 26. Qxb4 axb4 27. Rc7 Kf8 28. Rxb7 ({Better is} 28. Bxb7 $14 Re7 29. Be4) 28... Rxb7 $11 29. Bxb7 $14 {[%emt 0:00:01][%mdl 4096] Endgame KRB-KRB} Re7 30. Ba6 Ra7 31. Bc4 Rc7 $1 {[%emt 0:00:31] ...b5 is the strong threat.} 32. Rc2 $2 {[%emt 0:00:33][%mdl 8192] [#]} ({White should try} 32. Rd1 $15) 32... Rc5 $2 (32... b5 $1 $19 33. Bb3 {[#]} Rc3 $1 34. bxc3 Bxb3 35. cxb4 (35. Rb2 $2 dxc3 36. Rxb3 c2 $19) 35... Bxc2) 33. e3 $2 ({White has to play} 33. Rd2 $1 $15) 33... b3 $2 (33... dxe3 $19 {Threatens to win with ...b5.} 34. fxe3 Ke7) 34. Rc1 $2 (34. Re2 $11) 34... b5 $19 {[%emt 0:01:34] Black is clearly winning.} 35. exd4 Rc8 {[%emt 0:00:36][%mdl 64] Pin} 36. d5 Bxd5 37. Bxd5 Rxc1+ 38. Kg2 Rc2 39. Bxb3 Rxb2 40. Bd5 Rd2 41. Bc6 b4 {[%emt 0:00:51] Weighted Error Value: White=0.68/Black=0.32} 0-1

[Event "VII Totalizator Sportowy 2022"]
[Site "Bydgoszcz"]
[Date "2022.07.02"]
[Round "8.18"]
[White "Stolarczyk, Adam"]
[Black "Dubnevych, Maksym"]
[Result "1-0"]
[ECO "B30"]
[WhiteElo "2125"]
[BlackElo "2048"]
[Annotator "NA RC"]
[PlyCount "71"]
[EventDate "2022.06.25"]
[EventType "swiss"]
[EventCountry "POL"]
[SourceTitle "playchess.com"]
[Source "ChessBase"]
[SourceQuality "1"]
[TimeControl "40/5400+30:1800+30"]

1. e4 c5 2. Nf3 Nc6 3. c3 Nf6 4. e5 Nd5 5. Bc4 Nb6 6. Bb3 d5 7. exd6 Qxd6 8. Na3 a6 9. O-O Be6 10. Bxe6 Qxe6 11. d4 cxd4 12. Nxd4 Nxd4 13. Qxd4 Rd8 14. Qe3 Qc6 15. Nc2 Nd5 16. Qg3 g6 17. Rd1 e6 18. Bg5 f6 19. Nd4 Qd7 20. Nxe6 Nf4 21. Qf3 Qxe6 22. Rxd8+ Kxd8 23. Bxf4 Kc8 24. c4 Bd6 25. Bxd6 Qxd6 26. Rd1 Re8 27. h3 Qe5 28. b4 f5 29. c5 Kc7 30. Qd3 Qe6 31. a4 f4 32. b5 axb5 33. axb5 Ra8 34. Qf3 Rf8 35. b6+ Kc8 36. Qa3 1-0

[Event "VII Totalizator Sportowy 2022"]
[Site "Bydgoszcz"]
[Date "2022.07.02"]
[Round "8.19"]
[White "Syrkiewicz, Michal"]
[Black "Perkampus, Laurin"]
[Result "1/2-1/2"]
[ECO "B12"]
[WhiteElo "2000"]
[BlackElo "2061"]
[Annotator "NA RC"]
[PlyCount "54"]
[EventDate "2022.06.25"]
[EventType "swiss"]
[EventCountry "POL"]
[SourceTitle "playchess.com"]
[Source "ChessBase"]
[SourceQuality "1"]
[TimeControl "40/5400+30:1800+30"]

1. e4 c6 2. d4 d5 3. f3 g6 4. Nc3 Bg7 5. Be3 Qb6 6. Na4 Qa5+ 7. c3 Nd7 8. b4 Qc7 9. e5 f6 10. f4 Nh6 11. Bd3 fxe5 12. fxe5 Nxe5 13. dxe5 Qxe5 14. Qe2 Bg4 15. Nf3 Bxf3 16. gxf3 b5 17. Bxh6 Qxe2+ 18. Kxe2 Bxh6 19. Nc5 Bg7 20. Kd2 O-O 21. Rhf1 Be5 22. h3 a5 23. Rfe1 Bf6 24. a3 Bg5+ 25. Ke2 Bf6 26. Kd2 Bg5+ 27. Ke2 Bf6 1/2-1/2